 Dungeon Crawl Stone Soup version 0.31-a0-1570-g93c622d222 (webtiles) character file.

Game seed: 17310055563721636085

1746625 Laraso the Apostle (level 25, 257/257 HPs)
             Began as a Hill Orc Fighter on Jan 3, 2024.
             Was a High Priest of Beogh.
             Escaped with the Orb
             ... and 3 runes!
             The game lasted 02:10:26 (58619 turns).

Laraso the Apostle (Hill Orc Fighter)              Turns: 58619, Time: 02:10:26

Health: 257/257    AC: 46    Str: 25    XL:     25   Next: 50%
Magic:  40/40      EV: 14    Int:  6    God:    Beogh [*****.]
Gold:   4138       SH:  0    Dex: 19    Spells: 24/24 levels left

rFire   + . .        a - +6 executioner's axe (vamp)
rCold   + . .        (shield currently unavailable)
rNeg    + . .        v - +3 gold dragon scales
rPois   +            s - +2 helmet
rElec   +            O - +2 cloak
rCorr   .            H - +2 pair of gloves {Dex+3}
SInv    .            L - +1 pair of boots of Fortitude {rElec rN+ Regen+ Stlth-}
Will    ++...        f - amulet of faith Stlth
                     w - ring of willpower
HPRegen 1.42/turn    P - +4 ring of protection
MPRegen 0.27/turn

%: faith
@: studying Necromancy
A: walk on water, dopey 1
0: Orb of Zot
}: 3/15 runes: decaying, silver, gossamer
a: Renounce Religion, Smiting, Recall Orcish Followers, Give Item to Named
Follower


You escaped.
You worshipped Beogh.
Beogh was extremely pleased with you.
You visited 9 branches of the dungeon, and saw 45 of its levels.
You visited the Abyss 1 time.
You also visited: Bailey and Ice Cave.

You collected 6019 gold pieces.
You spent 1881 gold pieces at shops.

Inventory:

Hand Weapons
 a - a +6 vampiric executioner's axe (weapon)
 b - the +10 battleaxe "Tormentor" {chaos, Int+3}
   (You found it on level 1 of the Depths)

   Int+3:     It affects your intelligence (+3).
 q - the +3 morningstar of Yesterday {flame, rElec rCorr Int+2 Dex+3}
   (You took it off an ironbound preserver on level 4 of the Vaults)

   Int+2:     It affects your intelligence (+2).
   Dex+3:     It affects your dexterity (+3).
   rElec:     It insulates you from electricity.
   rCorr:     It protects you from acid and corrosion.
 S - a +6 demon blade
 W - a +1 spectral demon blade
Armour
 r - the +1 hat "Juisch" {rElec rC+}
   (You bought it in a shop on level 1 of the Vaults)

   rC+:       It protects you from cold.
   rElec:     It insulates you from electricity.
 s - a +2 helmet (worn)
 v - +3 gold dragon scales (worn)
 B - the +15 Maxwell's patent armour {-Cast -Tele rElec Will+ rCorr}
   (You found it on level 5 of the Vaults)

   rElec:     It insulates you from electricity.
   Will+:     It increases your willpower.
   -Cast:     It prevents spellcasting.
   -Tele:     It prevents most forms of teleportation.
   rCorr:     It protects you from acid and corrosion.
 H - a +2 pair of gloves of dexterity (worn)
 L - the +1 pair of boots of Fortitude (worn) {rElec rN+ Regen+ Stlth-}
   (You acquired it on level 4 of the Lair of Beasts)

   rElec:     It insulates you from electricity.
   rN+:       It protects you from negative energy.
   Regen+:    It increases your rate of health regeneration.
   Stlth-:    It makes you less stealthy.
 O - a +2 cloak (worn)
Jewellery
 f - an amulet of faith (around neck)
 t - a ring of fire
 w - a ring of willpower (left hand)
 E - the ring of the Sunfish {rElec SInv}
   (You found it on level 14 of the Dungeon)

   [ring of see invisible]

   rElec:     It insulates you from electricity.
   SInv:      It lets you see invisible.
 P - a +4 ring of protection (right hand)
 V - the ring "Muwkalag" {Ice rN+ Will+ Str-2}
   (You took it off Josephina on level 4 of the Depths)

   [ring of ice]

   Ice:       It enhances your ice magic.
   Str-2:     It affects your strength (-2).
   rF-:       It makes you vulnerable to fire.
   rC+:       It protects you from cold.
   rN+:       It protects you from negative energy.
   Will+:     It increases your willpower.
Wands
 k - a wand of charming (57)
 m - a wand of acid (21)
 n - a wand of iceblast (54)
 D - a wand of digging (22)
 J - a wand of flame (68)
 M - a wand of mindburst (35)
 Y - a wand of polymorph (34)
Scrolls
 e - 10 scrolls of fear
 g - 6 scrolls of immolation
 j - 3 scrolls of noise
 o - 9 scrolls of teleportation
 y - 10 scrolls of poison
 z - 5 scrolls of fog
 F - 3 scrolls of revelation
 K - 4 scrolls of vulnerability
 N - 2 scrolls of torment
Potions
 c - 6 potions of resistance
 d - 11 potions of might
 h - 2 potions of attraction
 i - 20 potions of curing
 l - 7 potions of brilliance
 u - 5 potions of mutation
 x - 6 potions of invisibility
 C - 7 potions of haste
 G - 7 potions of cancellation
 Q - 6 potions of enlightenment
 T - 6 potions of lignification
 U - 4 potions of magic
 Z - 4 potions of ambrosia


   Skills:
 O Level 27 Fighting
 - Level 24.0 Axes
 * Level 23.2 Armour
 - Level 16.0 Dodging
 - Level 3.2 Shields
 O Level 27 Invocations
 - Level 3.0 Evocations


You had 24 spell levels left.
You didn't know any spells.
Your spell library contained the following spells:

 Spells                   Type           Power      Damage    Failure   Level
 Foxfire                  Conj/Fire      0%         2x1d4     99%         1
 Freeze                   Ice            0%         1d3       99%         1
 Necrotise                Necr           0%         1d4       99%         1
 Sting                    Conj/Alch      0%         1d3       99%         1
 Blink                    Tloc           0%         N/A       100%        2
 Cigotuvi's Dreadful Rot  Necr/Alch/Air  0%         N/A       100%        2
 Ensorcelled Hibernation  Hex/Ice        0%         N/A       100%        2
 Lesser Beckoning         Tloc           0%         N/A       100%        2
 Mercury Vapours          Alch/Air       0%         N/A       100%        2
 Momentum Strike          Conj/Tloc      0%         3d8       100%        2
 Static Discharge         Conj/Air       0%         3-3/arc   100%        2
 Sublimation of Blood     Necr           0%         N/A       100%        2
 Frozen Ramparts          Ice            0%         1d1       100%        3
 Gell's Gravitas          Tloc           0%         N/A       100%        3
 Hailstorm                Conj/Ice       0%         3d5       100%        3
 Passwall                 Erth           0%         N/A       100%        3
 Stone Arrow              Conj/Erth      0%         3d7       100%        3
 Summon Ice Beast         Ice/Summ       0%         N/A       100%        3
 Swiftness                Air            0%         N/A       100%        3
 Teleport Other           Tloc           0%         N/A       100%        3
 Tukima's Dance           Hex            0%         N/A       100%        3
 Vampiric Draining        Necr           0%         2d6       100%        3
 Airstrike                Air            0%         2d(0-16)  100%        4
 Animate Armour           Summ/Erth      0%         N/A       100%        4
 Animate Dead             Necr           0%         N/A       100%        4
 Dimensional Bullseye     Hex/Tloc       0%         N/A       100%        4
 Ignite Poison            Fire/Alch      0%         N/A       100%        4
 Iskenderun's Mystic Bla  Conj/Tloc      0%         2d3       100%        4
 Leda's Liquefaction      Alch/Erth      0%         N/A       100%        4
 Martyr's Knell           Necr/Summ      0%         N/A       100%        4
 Olgreb's Toxic Radiance  Alch           0%         N/A       100%        4
 Passage of Golubria      Tloc           0%         N/A       100%        4
 Petrify                  Alch/Erth      0%         N/A       100%        4
 Summon Lightning Spire   Summ/Air       0%         N/A       100%        4
 Vhi's Electric Charge    Tloc/Air       0%         N/A       100%        4
 Arcjolt                  Conj/Air       0%         1d10      100%        5
 Borgnjor's Vile Clutch   Necr/Erth      0%         N/A       100%        5
 Curse of Agony           Necr           0%         N/A       100%        5
 Fireball                 Conj/Fire      0%         3d3       100%        5
 Freezing Cloud           Conj/Ice/Air   0%         6-21      100%        5
 Irradiate                Conj/Alch      0%         3d11      100%        5
 Lee's Rapid Deconstruct  Erth           0%         3d4*      100%        5
 Metabolic Englaciation   Hex/Ice        0%         N/A       100%        5
 Summon Forest            Summ/Tloc      0%         N/A       100%        5
 Yara's Violent Unravell  Hex/Alch       0%         3d3       100%        5
 Bombard                  Conj/Erth      0%         9d1       100%        6
 Death Channel            Necr           0%         N/A       100%        6
 Dispersal                Tloc           0%         N/A       100%        6
 Eringya's Noxious Bog    Alch           0%         4d6       100%        6
 Plasma Beam              Fire/Air       0%         2x1d10    100%        6
 Starburst                Conj/Fire      0%         6d3       100%        6
 Summon Hydra             Summ           0%         N/A       100%        7
 Infestation              Necr           0%         N/A       100%        8
 Lehudib's Crystal Spear  Conj/Erth      0%         10d2      100%        8
 Chain Lightning          Conj/Air       0%         N/A       100%        9


Dungeon Overview and Level Annotations

Branches:
Dungeon (15/15)            Temple (1/1) D:4            Lair (5/5) D:10
  Swamp (4/4) Lair:3       Spider (4/4) Lair:2        Slime (0/5) Lair:5
    Orc (2/2) D:10            Elf (0/3) Orc:2        Vaults (5/5) D:14
  Crypt (0/3) Vaults:2     Depths (4/4) D:15            Zot (5/5) Depths:4
 Bailey (visited)           IceCv (visited)

Altars:
Ashenzari
Cheibriados
Dithmenos
Elyvilon
Fedhas
Gozag
Hepliaklqana
Kikubaaqudgha
Makhleb
Nemelex Xobeh
Okawaru
Qazlal
Ru
Sif Muna
Trog
Uskayaw
Vehumet
Wu Jian
Xom
Yredelemnul
Zin
The Shining One
Beogh
Jiyva

Shops:
D:8 ?[   D:9 *   D:10 **   Orc:2 (![   Vaults:1 [[[   Vaults:3 [   Vaults:4 =
Vaults:5 (

Portals:
Hell: Depths:1 Depths:2 Depths:3 Depths:4
Abyss: Depths:1 Depths:3
Pandemonium: Depths:1 Depths:2
Ziggurat: Depths:4
Trove: Depths:1 (give 11 potions of heal wounds)

Annotations:
Swamp:2 2 transporters, exclusion: orange crystal statue
Vaults:4 3 runed translucent doors, exclusion: 3 doors, Xavori's ghost, veteran DjCK


Innate Abilities, Weirdness & Mutations

You can walk on water.
You are dopey. (Int -2)


Message History

Bolgrim is engulfed in poison gas.
Bolgrim looks as sick as possible!
You feel very sick.
Worak is engulfed in poison gas.
Worak looks as sick as possible!
Bolgrim is engulfed in poison gas.
Bolgrim looks as sick as possible!
You feel sick.
Unknown command.
You feel sick.
Aiming: Dig
Press: ? - help, Shift-Dir - straight line, f - you Please select a direction to dig.
This square is covered in magical glow.
The rock shatters into small pieces.
You feel sick.
You feel sick.
You feel sick.
You feel sick.
You feel sick.
You feel sick.
You are no longer poisoned.
Bolgrim no longer looks unusually strong.
Worak no longer looks unusually strong.
Aiming: Dig
Press: ? - help, Shift-Dir - straight line, f - you Please select a direction to dig.
This square is covered in magical glow.
The rock shatters into small pieces.
Bolgrim smiles at you.
Worak no longer looks unusually strong.
Aiming: Dig
Press: ? - help, Shift-Dir - straight line, f - you Please select a direction to dig.
This square is covered in magical glow.
The rock shatters into small pieces.
There is an open door here.
You swap places.
Worak looks more healthy.
There is a staircase leading out of the dungeon here.
You have escaped!

#..# #~.~...≈.≈##.....## #..#
#~.......≈####.#.#. #..#
#.........# #.#..# ###### #..#
#.........# #.#.## .....###..#
#.........# #..... ###...##..#
#####'##### ##.#.## ###.......#
#...#.♣♣♣ ##..#.#
......###.#####...#♣..♣♣##.....#
..............#o@o#♣♣♣.♣#......##
####.##...#####..o....'..##......
#..........#...'....♣####.####
####.##.#####.########## #.#
...#.....# #.##############.#
##.#.##..# #.............##.#
##.#.##..# #..##########.##.#
##......(# #..# #.##.####
####.###.# #..# #.#......


You could see the friendly Bolgrim the orc warlord (poisoned) and 2 friendly orc
warlords.

Vanquished Creatures
  2 dread liches
  An ancient lich (Abyss:2)
  2 orbs of fire
  A juggernaut (Depths:3)
  Bai Suzhen (Swamp:4)
  Josephina (Depths:4)
  2 Killer Klowns
  2 curse toes
  11 golden dragons
  A Tzitzimitl (D:10)
  An electric golem (Zot:5)
  A hellephant (D:7)
  8 tentacled monstrosities
  Jorgrun (D:12)
  Mlioglotl (Spider:1)
  An Ice Fiend (Zot:3)
  10 Orb Guardians (Zot:5)
  4 liches
  2 quicksilver dragons
  A titan (Depths:3)
  4 sphinxes
  Asterion (Depths:2)
  8 death cobs
  Aizul (Swamp:4)
  2 thorn hunters (Swamp:4)
  6 tengu reavers
  4 shadow dragons
  An azure jelly (Swamp:3)
  13 storm dragons
  5 protean progenitors
  Donald (Spider:1)
  5 draconian knights
  6 fire giants
  4 draconian monks
  3 iron dragons (Depths:4)
  11 frost giants
  A balrug (Zot:5)
  8 draconian scorchers
  5 draconian shifters
  2 emperor scorpions
  9 vault wardens
  3 draconian stormcallers
  15 ironbound preservers
  5 ghost moths
  3 draconian annihilators
  2 cacodemons
  A formless jellyfish (Vaults:1)
  20 very ugly things
  2 broodmothers
  2 hydra skeletons (Swamp:4)
  14 stone giants
  2 ironbound thunderhulks (Vaults:2)
  3 vampire knights
  3 eleionomae
  9 green draconians
  A deep elf death mage (Vaults:4)
  13 spark wasps
  2 lorocyprocas (Zot:5)
  7 yellow draconians
  11 black draconians
  7 white draconians
  5 purple draconians
  18 red draconians
  Snorg (Orc:2)
  9 ettins
  A crystal guardian (D:15)
  4 entropy weavers
  A green death (Depths:4)
  13 fire dragons
  2 shambling mangroves (Swamp:4)
  3 jiangshi (Depths:2)
  5 great orbs of eyes
  3 ice dragons
  5 yaktaur captains
  3 rakshasas
  18 vault guards
  3 jorogumos
  An ogre mage (Vaults:5)
  Erolcha (D:9)
  A hydra (Swamp:3)
  A spriggan air mage (Depths:1)
  11 centaur warriors
  6 ironbound frosthearts
  7 alligators
  2 radroaches
  2 two-headed ogres
  A boulder beetle (D:12)
  A death yak (Lair:3)
  A vampire mage (Depths:2)
  6 demonic crawlers
  A titan zombie (Abyss:2)
  A deep elf knight (D:15)
  7 deep troll shamans
  A naga sharpshooter (D:15)
  7 deep troll earth magi
  2 spriggan berserkers
  3 occultists
  7 hell knights
  4 sun demons
  A salamander mystic (D:15)
  3 tengu warriors
  5 spriggans
  2 goliath frogs (Zot:5)
  7 iron trolls
  A skyshark (shapeshifter) (Vaults:5)
  3 sixfirhies
  7 orb spiders
  2 fire crabs (D:15)
  A flayed ghost (Depths:4)
  3 pharaoh ants
  8 bog bodies
  A spriggan simulacrum (IceCv)
  5 arcanists
  63 deep trolls
  A glowing orange brain (Vaults:3)
  A sun moth (shapeshifter) (Depths:4)
  9 ironbound convokers
  4 steelbarb worms
  5 necromancers
  A spriggan druid (Swamp:4)
  2 spectral hydras (Swamp:4)
  2 swamp dragons
  3 harpies (D:12)
  2 obsidian statues
  Pikel (D:4)
  7 deep elf pyromancers
  2 orc knights
  8 lindwurms
  A sphinx simulacrum (Depths:4)
  An orc sorcerer (Orc:1)
  A deep elf zephyrmancer (D:15)
  3 oklob plants (Swamp:4)
  Maurice (D:7)
  23 ugly things
  A human zombie (Vaults:3)
  A shadow dragon skeleton (Vaults:3)
  13 wolf spiders
  A will-o-the-wisp (Swamp:2)
  2 phantasmal warriors
  6 cyclopes
  3 salamanders (D:15)
  4 elephants (Lair:5)
  21 moths of wrath
  A worldbinder (Abyss:2)
  3 black mambas
  A rust devil (D:14)
  A stone giant skeleton (Vaults:3)
  4 kobold blastminers
  2 meliai
  2 orange demons (Abyss:2)
  6 large abominations
  11 vault sentinels
  13 gargoyles
  A storm dragon simulacrum (Depths:4)
  A black mamba (shapeshifter) (Vaults:5)
  Joseph (D:7)
  3 torpor snails
  6 unseen horrors (Depths:3)
  3 rime drakes
  2 cane toads
  Maggie (D:7)
  A naga skeleton (Abyss:2)
  10 komodo dragons
  22 yaktaurs
  A komodo dragon (shapeshifter) (D:15)
  3 ice devils
  19 freezing wraiths
  3 tengu conjurers
  3 hydra zombies (Swamp:4)
  An elf skeleton (Vaults:3)
  A human skeleton (Vaults:3)
  2 death drake zombies (Swamp:4)
  3 harpy zombies (D:12)
  4 anaconda simulacra (IceCv)
  The ghost of robth the Chopper, an amateur MiFi (D:5)
  2 golden dragon simulacra (IceCv)
  A shadow dragon simulacrum (Vaults:3)
  A tengu simulacrum (Depths:4)
  4 tyrant leeches
  A queen bee (shapeshifter) (D:14)
  2 trolls
  A raiju (shapeshifter) (D:15)
  2 alligator simulacra (IceCv)
  2 polar bears (Lair:5)
  3 blink frogs
  A wolf spider simulacrum (D:15)
  13 hornets
  4 raiju
  12 tarantellas
  A death drake skeleton (Swamp:4)
  3 glass eyes
  7 slime creatures
  24 jumping spiders
  4 vampires (D:12)
  A jumping spider (shapeshifter) (Vaults:4)
  A shadow (D:13)
  14 culicivoras
  4 wyverns
  4 wraiths
  2 dire elephant simulacra (IceCv)
  6 yaks
  3 basilisks
  6 starcursed masses
  2 steam dragons
  2 wargs (Orc:1)
  A minotaur simulacrum (IceCv)
  38 redbacks
  A neqoxec (Abyss:2)
  A vampire mosquito (D:12)
  Edmund (D:4)
  2 chaos spawn (Depths:3)
  3 harpy simulacra (IceCv)
  3 small abominations
  3 acid dragons
  9 swamp worms
  3 hydra simulacra
  5 water moccasins
  2 meliai simulacra (D:15)
  8 orc warriors
  3 swamp drakes
  2 swamp dragon zombies (Swamp:4)
  3 ettin simulacra (IceCv)
  2 sky beasts
  4 ogres
  5 black bears
  A laughing skull (D:14)
  A boggart (D:14)
  7 wolves
  17 centaurs
  2 phantoms (D:7)
  2 swamp dragon skeletons (Swamp:4)
  2 kobold brigands
  4 lemures (D:4)
  5 weeping skulls (Abyss:2)
  A brain worm (shapeshifter) (D:15)
  4 bullfrogs
  2 gnoll sergeants
  2 deep troll simulacra (IceCv)
  A glowing shapeshifter simulacrum (Depths:4)
  A wyvern zombie (D:6)
  6 scorpions
  4 wights (Abyss:2)
  4 lindwurm simulacra (IceCv)
  5 howler monkeys
  An electric eel (D:10)
  A centaur zombie (D:6)
  A bombardier beetle (D:6)
  2 bullfrog zombies (D:6)
  7 hounds
  A jelly (D:5)
  2 orc priests
  2 quasits (Abyss:2)
  Crazy Yiuf (D:6)
  A gnoll bouda (D:6)
  An iron imp (Abyss:2)
  5 iguanas
  2 orc wizards
  2 howler monkey zombies (D:6)
  16 gnolls
  11 adders
  4 shadow imps
  5 ufetubi
  A ribbon worm (D:5)
  34 orcs
  5 ball pythons
  7 endoplasms
  5 giant cockroaches
  16 goblins
  11 hobgoblins
  5 quokkas
  6 bats
  17 kobolds
  4 rats
  An aspiring flesh (Zot:2)
  3 spectral weapons
1308 creatures vanquished.

Vanquished Creatures (collateral kills)
  2 dread liches (Zot:5)
  5 ancient liches
  Mennas (Depths:3)
  A Killer Klown (Zot:5)
  Vv (Zot:1)
  A curse toe (Zot:1)
  2 caustic shrikes (Depths:3)
  Nikola (Swamp:3)
  A golden dragon (Vaults:4)
  Arachne (Spider:4)
  A Tzitzimitl (Zot:5)
  Rupert (D:14)
  An Ice Fiend (D:9)
  A Hell Sentinel (Zot:5)
  13 Orb Guardians
  4 tentacled monstrosities
  A lich (IceCv)
  2 titans
  3 sphinxes
  2 shadow dragons
  An ancient champion (Vaults:2)
  Gastronok (D:12)
  A thorn hunter (Swamp:3)
  A storm dragon (Vaults:4)
  5 tengu reavers
  Roxanne (Swamp:1)
  A fenstrider witch (Swamp:3)
  A protean progenitor (Zot:5)
  A fire giant (D:14)
  4 frost giants
  2 deep elf sorcerers
  2 draconian shifters (Zot:3)
  4 ghost moths
  3 vault wardens
  4 emperor scorpions
  7 ironbound preservers
  A very ugly thing (Vaults:4)
  2 iron dragons
  A balrug (D:7)
  2 ghouls (Swamp:3)
  A draconian stormcaller (Zot:3)
  3 ironbound thunderhulks
  4 stone giants
  2 broodmothers
  A vampire knight (Depths:3)
  3 red draconians
  2 bunyips (Swamp:3)
  An eleionoma (Swamp:3)
  2 black draconians
  A white draconian (Zot:4)
  3 purple draconians
  4 spark wasps
  A yellow draconian (Depths:4)
  A blizzard demon (Zot:2)
  A deep elf high priest (Vaults:4)
  A green death (D:1)
  8 ettins
  3 fire dragons
  6 entropy weavers
  3 great orbs of eyes (Vaults:3)
  4 yaktaur captains
  8 hydras
  A jorogumo (Spider:2)
  Fannar (D:10)
  3 ice dragons
  18 vault guards
  A spriggan air mage (Depths:2)
  2 alligators (Swamp:3)
  5 centaur warriors
  A catoblepas (D:14)
  An ogre mage (Vaults:4)
  A death knight (D:14)
  A radroach (Spider:3)
  2 anacondas (Zot:5)
  A dancing weapon (Vaults:4)
  4 hell hogs (Zot:2)
  A boulder beetle (Spider:4)
  5 two-headed ogres
  2 ironbound frosthearts
  The ghost of pokeman the Eclecticist, a journeyman DEHW of Vehumet (D:11)
  A tengu warrior (Depths:3)
  5 demonic crawlers
  A death yak (Lair:3)
  Sonja (Lair:1)
  A hell knight (Depths:3)
  6 skeletal warriors
  24 deep trolls
  A sun demon (Zot:5)
  2 pharaoh ants
  2 flayed ghosts
  4 goliath frogs
  A spriggan druid (Swamp:4)
  A spectral hydra (Swamp:4)
  4 swamp dragons
  2 phantasmal warriors (Vaults:4)
  A bog body (Swamp:1)
  4 ironbound convokers
  2 sun moths
  2 orb spiders (Spider:2)
  5 steelbarb worms
  11 slime creatures
  2 lindwurms
  4 necromancers
  2 arcanists
  2 large abominations
  2 harpies
  A tengu zombie (Vaults:2)
  2 orc knights (Orc:1)
  15 ugly things
  2 deep elf pyromancers (D:14)
  3 manticores
  An orc sorcerer (Orc:2)
  A cyclops (D:14)
  8 wolf spiders
  3 moths of wrath
  8 elephants (Lair:5)
  An elephant (shapeshifter) (Vaults:5)
  A will-o-the-wisp (Swamp:1)
  4 vault sentinels
  A human skeleton (Vaults:2)
  5 meliai (D:12)
  3 black mambas (Lair:2)
  A rust devil (D:14)
  5 kobold blastminers
  5 cane toads
  4 torpor snails
  2 gargoyles
  4 komodo dragons
  4 centaur skeletons (D:14)
  An unseen horror (D:12)
  6 rime drakes
  9 freezing wraiths
  5 yaktaurs
  2 harpy zombies (D:12)
  A merfolk (shapeshifter) (D:14)
  8 hornets
  A polar bear (Lair:5)
  9 tarantellas
  7 tyrant leeches
  A raiju (Abyss:2)
  Prince Ribbit (Lair:1)
  12 blink frogs
  5 jumping spiders
  An ettin skeleton (Vaults:2)
  An elf simulacrum (Vaults:2)
  2 wyverns (Lair:3)
  A spriggan (Swamp:3)
  2 vampires (D:12)
  18 yaks
  2 steam dragons (Lair:5)
  12 culicivoras
  A warg (D:11)
  4 basilisks
  Grum (Lair:1)
  4 vampire mosquitoes (D:12)
  22 redbacks
  An acid dragon (Lair:5)
  A swamp worm (Swamp:1)
  3 hell hounds (Zot:4)
  A hydra simulacrum (Swamp:4)
  6 water moccasins
  7 swamp drakes
  13 orc warriors
  3 ogres
  A small abomination (Depths:3)
  19 wolves
  10 centaurs
  3 kobold brigands (D:14)
  11 bullfrogs
  4 killer bees (Lair:2)
  An electric eel (D:10)
  2 orc priests
  An iguana (Lair:5)
  An orc wizard (D:12)
  12 orcs
  A bat (Depths:1)
  An aspiring flesh (Zot:5)
  A butterfly (Lair:4)
623 creatures vanquished.

Vanquished Creatures (others)
  5 orc warlords
  3 storm dragons (Zot:4)
  A fire giant (Depths:2)
  A draconian knight (Zot:1)
  A black draconian (Zot:4)
  13 orc knights
  A swamp dragon (Swamp:3)
  An orc sorcerer (IceCv)
  A spriggan simulacrum (Depths:4)
  An ironbound convoker (Vaults:1)
  A moth of wrath (Zot:4)
  A tengu conjurer (Depths:1)
  3 bloated husks
  21 orc warriors
  15 orc wizards
  13 orc priests
  An ufetubus (Abyss:2)
  41 orcs
  6 foxfires
  2 spectral weapons (Depths:2)
  2 starspawn tentacles (Spider:1)
134 creatures vanquished.

Grand Total: 2065 creatures vanquished

Notes
Turn   | Place    | Note
-------+----------+-------------------------------------------
     0 | D:1      | Laraso the Hill Orc Fighter began the quest for the Orb.
     0 | D:1      | Reached XP level 1. HP: 19/19 MP: 1/1
   302 | D:1      | Reached XP level 2. HP: 15/26 MP: 2/2
   919 | D:2      | Reached XP level 3. HP: 17/31 MP: 3/3
  1355 | D:2      | Reached skill level 5 in Axes
  1641 | D:3      | Reached XP level 4. HP: 39/39 MP: 4/4
  1905 | D:3      | Found a bloodstained altar of Trog.
  2177 | D:3      | Reached XP level 5. HP: 40/45 MP: 5/5
  2271 | D:4      | Noticed a lemure
  2271 | D:4      | Noticed a lemure
  2300 | D:4      | Killed a lemure
  2311 | D:4      | Killed a lemure
  2350 | D:4      | Noticed a lemure
  2361 | D:4      | Killed a lemure
  2533 | D:4      | Found a staircase to the Ecumenical Temple.
  2603 | Temple   | Entered the Ecumenical Temple
  2770 | D:4      | Noticed a lemure
  2783 | D:4      | Killed a lemure
  2784 | D:4      | Noticed Pikel
  2794 | D:4      | Killed Pikel
  2795 | D:4      | Reached skill level 10 in Axes
  2795 | D:4      | Reached XP level 6. HP: 7/51 MP: 6/6
  2795 | D:4      | Reached XP level 7. HP: 8/57 MP: 7/7
  3013 | D:4      | Noticed Edmund
  3022 | D:4      | Killed Edmund
  3436 | D:5      | Entered Level 5 of the Dungeon
  3552 | D:5      | Reached XP level 8. HP: 43/64 MP: 8/8
  4201 | D:5      | Became a worshipper of Beogh the Brigand
  4293 | D:5      | Identified the +0 great mace of Siusit Ypro {flame, Str+3
                  | Dex+3}
  4297 | D:5      | Noticed robth's ghost (amateur MiFi)
  4445 | D:5      | Found a transporter.
  4454 | D:5      | Found a transporter.
  4547 | D:5      | Killed robth's ghost
  4548 | D:5      | Reached XP level 9. HP: 70/70 MP: 9/9
  4742 | D:6      | Reached skill level 15 in Axes
  5028 | D:6      | Found an iron altar of Okawaru.
  5146 | D:6      | Reached * piety under Beogh
  5222 | D:6      | Reached skill level 1 in Invocations
  5271 | D:6      | Found a basalt altar of Yredelemnul.
  5416 | D:6      | Identified the +8 whip of Crystal {spect, +Blink rC++}
  5598 | D:6      | Found a runed translucent door.
  5599 | D:6      | Noticed Crazy Yiuf
  5611 | D:6      | Killed Crazy Yiuf
  5822 | D:7      | Reached skill level 5 in Invocations
  5953 | D:7      | Noticed Maggie
  6013 | D:7      | Killed Maggie
  6014 | D:7      | Reached XP level 10. HP: 51/78 MP: 15/15
  6330 | D:7      | Reached ** piety under Beogh
  6383 | D:7      | Noticed Maurice
  6406 | D:7      | Killed Maurice
  6436 | D:7      | Noticed Joseph
  6469 | D:7      | Killed Joseph
  6470 | D:7      | Reached skill level 10 in Invocations
  7522 | D:8      | Found The Oracle's Delphic Readings.
  7526 | D:8      | Bought a scroll of brand weapon for 104 gold pieces
  7591 | D:8      | Found a burning altar of Makhleb.
  7717 | D:8      | Found Ilowniho's Armour Boutique.
  7717 | D:8      | Noticed an animated plate armour
  7722 | D:8      | Noticed an animated crystal plate armour
  8065 | D:9      | Noticed Erolcha
  8071 | D:9      | Killed Erolcha
  8072 | D:9      | Reached skill level 5 in Fighting
  8567 | D:9      | Found Cyejatt's Assorted Antiques.
  8571 | D:9      | Bought a pair of runed gloves for 187 gold pieces
  8576 | D:9      | Bought a scroll labelled JAWOIV ODULIN for 25 gold pieces
  8576 | D:9      | Bought a scroll labelled AXESCH YRHUHYT for 25 gold pieces
  8577 | D:9      | Bought a pair of boots for 112 gold pieces
  8921 | D:10     | Entered Level 10 of the Dungeon
  8921 | D:10     | Found Ynufiet's General Store.
  8930 | D:10     | Noticed a gargoyle
  8937 | D:10     | Killed a gargoyle
  8938 | D:10     | Reached XP level 11. HP: 86/94 MP: 20/20
  9072 | D:10     | Reached *** piety under Beogh
  9146 | D:10     | Found a staircase to the Lair.
  9185 | D:10     | Found a flagged portal.
  9207 | Bailey   | Entered a bailey
  9494 | Bailey   | Reached skill level 10 in Fighting
  9943 | D:10     | Found a faded altar of an unknown god.
  9943 | D:10     | Found a hazy altar of Hepliaklqana.
  9943 | D:10     | Found a faded altar of an unknown god.
  9952 | D:10     | Reached **** piety under Beogh
 10082 | D:10     | Noticed Fannar
 10104 | D:10     | Killed Fannar
 10266 | D:10     | Found Aoiwixom's Alliterative Armaments.
 10336 | D:10     | Found a staircase to the Orcish Mines.
 10951 | D:11     | Found a runed translucent gate.
 10951 | D:11     | Noticed pokeman's ghost (journeyman DEHW)
 10952 | D:11     | Found a runed translucent gate.
 10952 | D:11     | Identified the +0 plate armour of Impatience {rPois rF++
                  | Int+4}
 10953 | D:11     | Found a runed translucent gate.
 10983 | D:11     | Killed pokeman's ghost
 11071 | D:11     | Found a bloodstained altar of Trog.
 11361 | D:11     | Found a roughly hewn altar of Beogh.
 11441 | D:12     | Noticed a boulder beetle
 11452 | D:12     | Killed a boulder beetle
 11453 | D:12     | Reached skill level 1 in Dodging
 11456 | D:12     | Noticed a two-headed ogre
 11466 | D:12     | Killed a two-headed ogre
 11474 | D:12     | Noticed a necromancer
 11481 | D:12     | Killed a necromancer
 11486 | D:12     | Noticed a green ugly thing
 11491 | D:12     | Killed a green ugly thing
 11492 | D:12     | Reached skill level 5 in Armour
 11492 | D:12     | Reached XP level 12. HP: 85/117 MP: 21/21
 11749 | D:12     | Noticed Jorgrun
 11760 | D:12     | Killed Jorgrun
 11909 | D:12     | Noticed a centaur warrior
 11914 | D:12     | Killed a centaur warrior
 11926 | D:12     | Reached skill level 5 in Dodging
 12191 | D:12     | Gained Worak as an ally
 12430 | D:12     | Noticed Gastronok
 12438 | D:12     | Killed Gastronok
 12448 | D:12     | Reached ***** piety under Beogh
 12741 | D:12     | Reached XP level 13. HP: 109/124 MP: 22/22
 12877 | D:12     | Noticed a vampire knight
 12880 | D:12     | Killed a vampire knight
 12881 | D:12     | Reached skill level 10 in Armour
 12898 | D:12     | Identified the +8 falchion "Nius" {speed, rN+ SInv Stlth+}
 13786 | D:13     | Reached skill level 15 in Fighting
 14722 | D:14     | Gained Bolgrim as an ally
 15270 | D:14     | Found a runed translucent door.
 15318 | D:14     | Noticed a fire dragon
 15322 | D:14     | Killed a fire dragon
 15448 | D:14     | Noticed a sphinx
 15448 | D:14     | Noticed a fire giant
 15452 | D:14     | Killed a sphinx
 15454 | D:14     | Killed a fire giant
 15455 | D:14     | Reached XP level 14. HP: 123/146 MP: 23/23
 15471 | D:14     | Identified the ring of the Sunfish {rElec SInv}
 15628 | D:14     | Gained Okrist as an ally
 15912 | D:14     | Found a gate to the Vaults.
 16340 | D:15     | Entered Level 15 of the Dungeon
 16683 | Lair:1   | Entered Level 1 of the Lair of Beasts
 16698 | Lair:1   | Noticed Sonja
 16712 | Lair:1   | Killed Sonja
 16948 | Lair:1   | Noticed Prince Ribbit
 16956 | Lair:1   | Killed Prince Ribbit
 17198 | Lair:1   | Reached ****** piety under Beogh
 17211 | Lair:1   | Killed Grum
 17759 | Lair:2   | Found a hole to the Spider Nest.
 19335 | Lair:3   | Found a staircase to the Swamp.
 19617 | Lair:4   | Found a hide-covered altar of Uskayaw.
 19887 | Lair:4   | Identified a scroll of acquirement
 19888 | Lair:4   | Acquired the +1 pair of boots of Fortitude {rElec rN+
                  | Regen+ Stlth-}
 20143 | Lair:5   | Entered Level 5 of the Lair of Beasts
 20154 | Lair:5   | Reached skill level 1 in Evocations
 20176 | Lair:5   | Found a viscous altar of Jiyva.
 20177 | Lair:5   | Found a staircase to the Slime Pits.
 20233 | Lair:5   | Gained Warbeogh as an ally
 20636 | Lair:5   | Reached XP level 15. HP: 155/155 MP: 24/24
 20977 | Lair:5   | Gained Worak as an ally
 21128 | Lair:5   | Identified the +7 trident of the Bouncing Xalams {venom,
                  | rC+}
 21685 | Orc:1    | Entered Level 1 of the Orcish Mines
 21877 | Orc:2    | Entered Level 2 of the Orcish Mines
 21959 | Orc:2    | Found a staircase to the Elven Halls.
 21983 | Orc:2    | Noticed Snorg
 21991 | Orc:2    | Killed Snorg
 22057 | Orc:2    | Gained Borgk as an ally
 22083 | Orc:2    | Found Quxtabbej's Distillery.
 22085 | Orc:2    | Found Hyappy's Armour Emporium.
 22087 | Orc:2    | Found Mirod's Antique Weapon Boutique.
 22096 | Orc:2    | Gained Ognian as an ally
 22142 | Orc:2    | Bought the +0 cloak of Iruavori {rElec Int-3 Dex+3} for 314
                  | gold pieces
 22155 | Orc:2    | Bought a potion of invisibility for 96 gold pieces
 22155 | Orc:2    | Bought a potion of heal wounds for 60 gold pieces
 22155 | Orc:2    | Bought a potion of resistance for 120 gold pieces
 22155 | Orc:2    | Bought a potion of cancellation for 96 gold pieces
 22457 | Orc:1    | Found a roughly hewn altar of Beogh.
 22523 | Orc:1    | Found a roughly hewn altar of Beogh.
 23174 | D:15     | Found a staircase to the Depths.
 23193 | D:15     | Reached skill level 15 in Armour
 23216 | D:15     | Got Nouguasy's Tractate on Arenous Air
 23244 | D:14     | Gained Arkwar as an ally
 23363 | D:15     | Noticed Rupert
 23392 | D:14     | Killed Rupert
 23635 | D:15     | Identified the staff of Conflict {rF+ Will++ Fire}
 23801 | D:15     | Noticed a frost giant
 23819 | D:15     | Killed a frost giant
 24362 | D:15     | Reached XP level 16. HP: 142/162 MP: 25/25
 24466 | D:15     | Acquired a +1 vampiric executioner's axe
 24592 | D:15     | Identified the staff of Conflict {Fly rPois rC+ Earth}
 24785 | Swamp:1  | Entered Level 1 of the Swamp
 24974 | Swamp:1  | Identified the +4 chain mail "Bunwurgh" {Str+4}
 25418 | Swamp:1  | Identified the granite talisman "Agilouv" {Str+3}
 25418 | Swamp:1  | Noticed Roxanne
 25432 | Swamp:1  | Your ally Borgk died
 25437 | Swamp:1  | Killed Roxanne
 25673 | Swamp:2  | Found a transporter.
 25676 | Swamp:2  | Noticed a tentacled monstrosity
 25687 | Swamp:2  | Noticed a thorn hunter
 25694 | Swamp:2  | Noticed a thorn hunter
 25698 | Swamp:2  | Found a transporter.
 25734 | Swamp:2  | Noticed a tentacled monstrosity
 25743 | Swamp:2  | Killed a tentacled monstrosity
 26177 | Swamp:3  | Noticed a fenstrider witch
 26186 | Swamp:3  | Killed a fenstrider witch
 26253 | Swamp:3  | Noticed an azure jelly
 26265 | Swamp:3  | Killed an azure jelly
 26284 | Swamp:3  | Found a frozen archway.
 26300 | IceCv    | Entered an ice cave
 26750 | IceCv    | Found an ancient bone altar of Kikubaaqudgha.
 27355 | IceCv    | Noticed a lich
 27367 | IceCv    | Killed a lich
 27862 | Swamp:3  | Gained Boderik as an ally
 28175 | Swamp:4  | Entered Level 4 of the Swamp
 28202 | Swamp:4  | Identified the dragon-blood talisman of Ughairgh {rC- rCorr
                  | Str-3 Int+10}
 28202 | Swamp:4  | Noticed Bai Suzhen
 28216 | Swamp:4  | Killed Bai Suzhen
 28340 | Swamp:4  | Identified the +8 arbalest of the Harvest {drain, rPois
                  | Str+3 Stlth+}
 28400 | Swamp:4  | Identified the serpent talisman of Fallacy {rF- Str+3 Int+8
                  | Dex-2}
 28400 | Swamp:4  | Noticed Aizul
 28408 | Swamp:4  | Killed Aizul
 28568 | Swamp:4  | Noticed Nikola
 28623 | Swamp:3  | Reached XP level 17. HP: 170/170 MP: 26/26
 28628 | Swamp:3  | Killed Nikola
 28715 | Swamp:3  | Gained Orkwin as an ally
 28822 | Swamp:3  | Your ally Arkwar died
 29193 | Swamp:4  | Your ally Warbeogh died
 29413 | Swamp:4  | Found a blossoming altar of Fedhas.
 29422 | Swamp:4  | Found a basalt altar of Yredelemnul.
 29455 | Swamp:4  | Got a decaying rune of Zot
 30026 | Spider:1 | Entered Level 1 of the Spider Nest
 30672 | Spider:1 | Noticed Mlioglotl
 30683 | Spider:1 | Noticed a tentacled starspawn
 30691 | Spider:1 | Killed Mlioglotl
 30692 | Spider:1 | Reached skill level 10 in Dodging
 30825 | Spider:1 | Noticed Donald
 30834 | Spider:1 | Killed Donald
 31505 | Spider:2 | Your ally Worak died
 31944 | Spider:2 | Gained Hawl as an ally
 31964 | Spider:2 | Reached XP level 18. HP: 166/178 MP: 28/28
 33909 | Spider:4 | Entered Level 4 of the Spider Nest
 34320 | Spider:4 | Noticed Arachne
 34334 | Spider:4 | Killed Arachne
 34466 | Spider:4 | Reached skill level 15 in Invocations
 34490 | Spider:4 | Your ally Orkwin died
 34784 | Spider:4 | Identified the +2 hat of Least Resistance {Harm rN+ Str-2
                  | SInv}
 34819 | Spider:4 | Got a gossamer rune of Zot
 35363 | Depths:1 | Entered Level 1 of the Depths
 35407 | Depths:1 | Found a gateway to Hell.
 35803 | Depths:1 | Found a one-way gate to the infinite horrors of the Abyss.
 35837 | Depths:1 | Identified the +10 battleaxe "Tormentor" {chaos, Int+3}
 35856 | Depths:1 | Found a one-way gate leading to the halls of Pandemonium.
 35861 | Abyss:2  | Found a corrupted altar of Lugonu.
 35861 | Abyss:2  | Cast into level 2 of the Abyss (an occultist)
 36018 | Abyss:2  | Gained mutation: You are dopey. (Int -2) [a cacodemon]
 36277 | Abyss:2  | Gained Orgrim as an ally
 36299 | Abyss:2  | Noticed an ancient lich
 36323 | Abyss:2  | Killed an ancient lich
 36326 | Depths:1 | Escaped the Abyss
 36483 | Depths:1 | Reached XP level 19. HP: 176/185 MP: 31/31
 36526 | Depths:1 | Found a portal to a secret trove of treasure.
 36590 | Depths:1 | Found a sacrificial altar of Ru.
 36691 | Depths:1 | Found a broken altar of Ashenzari.
 37095 | Depths:2 | Noticed Asterion
 37108 | Depths:2 | Killed Asterion
 37362 | Depths:2 | Gained Bogbarth as an ally
 37430 | Depths:2 | Your ally Bogbarth died
 38098 | Depths:3 | Found a white marble altar of Elyvilon.
 38143 | Depths:3 | Gained Gorbash as an ally
 38229 | Depths:3 | Identified the +10 falchion of the Shrinking Gods {flame,
                  | rF+ Int+5}
 39103 | Depths:3 | Noticed a caustic shrike
 39103 | Depths:3 | Noticed a caustic shrike
 39116 | Depths:3 | Killed a caustic shrike
 39120 | Depths:3 | Killed a caustic shrike
 39126 | Depths:3 | Your ally Ognian died
 39288 | Depths:3 | Reached XP level 20. HP: 193/193 MP: 33/33
 39400 | Depths:3 | Noticed a juggernaut
 39416 | Depths:3 | Your ally Worak died
 39445 | Depths:3 | Killed a juggernaut
 39868 | Depths:4 | Entered Level 4 of the Depths
 39891 | Depths:4 | Your ally Gorbash died
 40078 | Depths:4 | Found a one-way gateway to a ziggurat.
 40110 | Depths:4 | Noticed a golden dragon
 40128 | Depths:4 | Your ally Boderik died
 40130 | Depths:4 | Killed a golden dragon
 40815 | Depths:4 | Identified the +2 orcbow "Tituec" {elec, rF+ rN+}
 41017 | Depths:4 | Noticed Mennas
 41252 | Depths:3 | Your ally Hawl died
 41267 | Depths:3 | Killed Mennas
 41659 | Depths:4 | Identified the ring "Muwkalag" {Ice rN+ Will+ Str-2}
 41659 | Depths:4 | Noticed Josephina
 41886 | Depths:4 | Killed Josephina
 42453 | Depths:4 | Found a gate to the Realm of Zot.
 42470 | Depths:4 | Reached XP level 21. HP: 73/199 MP: 33/35
 43260 | Depths:4 | Found a faded altar of an unknown god.
 43517 | Vaults:1 | Entered Level 1 of the Vaults
 43563 | Vaults:1 | Identified the +1 demon whip "Vuas" {freeze, rElec Int+3}
 44173 | Vaults:1 | Found Hiddup's Antique Armour Emporium.
 44179 | Vaults:1 | Bought an embroidered cloak for 262 gold pieces
 44212 | Vaults:1 | Found Qihox's Antique Armour Boutique.
 44224 | Vaults:1 | Bought a pitted hat for 315 gold pieces
 44224 | Vaults:1 | Identified the +1 hat "Juisch" {rElec rC+} (You bought it
                  | in a shop on level 1 of the Vaults)
 44533 | Vaults:1 | Found Akyrua's Armour Boutique.
 45018 | Vaults:2 | Found a staircase to the Crypt.
 45971 | Vaults:3 | You fall into a shaft and drop 1 floor!
 46072 | Vaults:4 | Got Sif Muna's Disquisition on Anemomancy and the Discharge
 46212 | Vaults:4 | Found a runed translucent gate.
 46212 | Vaults:4 | Found a runed translucent gate.
 46212 | Vaults:4 | Found a runed translucent gate.
 46254 | Vaults:4 | Reached XP level 22. HP: 209/209 MP: 37/37
 46265 | Vaults:4 | Reached skill level 15 in Dodging
 46869 | Vaults:4 | Found Niefaapt's Jewellery Shoppe.
 47171 | Vaults:4 | Noticed Xavori's ghost (veteran DjCK)
 47423 | Vaults:5 | Entered Level 5 of the Vaults
 47526 | Vaults:5 | Paralysed by a sphinx for 3 turns
 47908 | Vaults:5 | Noticed an ancient lich
 47975 | Vaults:4 | Killed an ancient lich
 47994 | Vaults:5 | Noticed a golden dragon
 48009 | Vaults:4 | Killed a golden dragon
 48451 | Vaults:5 | Noticed an ancient lich
 48488 | Vaults:5 | Identified the +3 morningstar of Yesterday {flame, rElec
                  | rCorr Int+2 Dex+3}
 48488 | Vaults:5 | Identified the ring of Kunemn {MP+9 Str+4}
 48505 | Vaults:5 | Noticed a golden dragon
 48515 | Vaults:4 | Killed an ancient lich
 48610 | Vaults:4 | Killed a golden dragon
 48820 | Vaults:5 | Found Foxuapp's Weapon Shop.
 48932 | Vaults:5 | Reached XP level 23. HP: 207/208 MP: 39/39
 48939 | Vaults:5 | Noticed a dread lich
 48947 | Vaults:5 | Killed a dread lich
 49139 | Vaults:5 | Got Sif Muna's Compilation of the Icicle and the Cemetery
 49206 | Vaults:5 | Identified the ring "Geir Xvxr" {*Slow rN+ Will+ Stlth+}
 49309 | Vaults:5 | Found the +15 Maxwell's patent armour {-Cast -Tele rElec
                  | Will+ rCorr}
 49313 | Vaults:5 | Found the +6 lightning scales {swift, rElec}
 49483 | Vaults:5 | Got a silver rune of Zot
 50330 | Vaults:3 | Found Birug's Armour Boutique.
 50342 | Vaults:3 | Bought a +2 cloak for 165 gold pieces
 50681 | Zot:1    | Entered Level 1 of the Realm of Zot
 50721 | Zot:1    | Noticed a golden dragon
 50730 | Zot:1    | Killed a golden dragon
 50872 | Zot:1    | Reached skill level 27 in Invocations
 51490 | Zot:1    | Noticed a golden dragon
 51499 | Zot:1    | Killed a golden dragon
 51854 | Zot:1    | Noticed a curse toe
 51862 | Zot:1    | Killed a curse toe
 52195 | Zot:2    | Noticed Vv
 52207 | Zot:1    | Killed Vv
 52471 | Zot:2    | Noticed a golden dragon
 52485 | Zot:2    | Noticed a golden dragon
 52488 | Zot:2    | Noticed a golden dragon
 52500 | Zot:1    | Killed a golden dragon
 52549 | Zot:1    | Killed a golden dragon
 52563 | Zot:2    | Killed a golden dragon
 52730 | Zot:2    | Noticed a Killer Klown
 52753 | Zot:2    | Killed a Killer Klown
 52975 | Zot:2    | Reached XP level 24. HP: 106/233 MP: 39/40
 53772 | Zot:3    | Noticed a Killer Klown
 53788 | Zot:3    | Killed a Killer Klown
 54502 | Zot:3    | Noticed a curse toe
 54616 | Zot:2    | Killed a curse toe
 54743 | Zot:3    | Noticed an orb of fire
 54753 | Zot:3    | Killed an orb of fire
 54976 | Zot:3    | Found an ancient bone altar of Kikubaaqudgha.
 55135 | Zot:4    | Noticed a curse toe
 55146 | Zot:3    | Killed a curse toe
 56314 | Zot:5    | Entered Level 5 of the Realm of Zot
 56563 | Zot:5    | HP: 10/244 [goliath frog[a protean progenitor] (27)]
 56563 | Zot:5    | HP: 2/244 [acid[a protean progenitor] (8)]
 56916 | Zot:5    | Gained Murdo as an ally
 56921 | Zot:5    | Your ally Murdo died
 57456 | Zot:5    | Noticed a dread lich
 57471 | Zot:5    | Killed a dread lich
 57472 | Zot:5    | Reached XP level 25. HP: 251/254 MP: 39/40
 57586 | Zot:5    | Your ally Bolgrim died
 57591 | Zot:5    | Noticed a Killer Klown
 57602 | Zot:5    | Noticed an ancient lich
 57603 | Zot:5    | Killed a Killer Klown
 57604 | Zot:5    | Noticed an ancient lich
 57608 | Zot:5    | Killed an ancient lich
 57609 | Zot:5    | Killed an ancient lich
 57673 | Zot:5    | Noticed a dread lich
 57675 | Zot:5    | Noticed an ancient lich
 57685 | Zot:5    | Noticed an orb of fire
 57686 | Zot:5    | Killed a dread lich
 57689 | Zot:5    | Killed an orb of fire
 57695 | Zot:5    | Killed an ancient lich
 57696 | Zot:5    | Reached skill level 27 in Fighting
 57710 | Zot:5    | Noticed a dread lich
 57721 | Zot:5    | Killed a dread lich
 57894 | Zot:5    | Got the Orb of Zot
 57916 | Zot:5    | Your ally Hawl died
 57928 | Zot:5    | Your ally Okrist died
 57929 | Zot:5    | Your ally Gorbash died
 58619 | D:$      | Escaped with the Orb!

Illustrated notes

Levels and vault maps discovered:
D:1:      scummos_arrival_gate, layout_loops_ring
D:2:      cheibrodos_greedy_goblins, layout_loops_ring
D:3:      layout_rooms, mainiacjoe_overflow_paths
D:4:      corexii_shack_village, layout_loops_ring, minmay_temple_entry_statues,
          hangedman_abyss_or_decor_lesser_grid, uniq_edmund, uniq_pikel
D:5:      layout_loops_ring, gammafunk_ghost_smash
D:6:      layout_loops_ring, nicolae_yredelemnul_corpse_copse, okawaru_trees_2,
          minmay_fractal_squares_diagonal_5, uniq_crazy_yiuf_cottage
D:7:      layout_basic, uniq_maggie, uniq_maurice, uniq_joseph
D:8:      layout_cave_pools, lemuel_tele_altar, serial_shops,
          nicolae_shop_mannequins, nicolae_nh_oracle_at_delphi
D:9:      layout_loops_cross, serial_shops, nicolae_shop_back_alley_shop,
          grunt_decor_resistance, kennysheep_cross_room,
          serial_library_hellmonk_u_bend, minivault_16, uniq_erolcha
D:10:     layout_loops_corners, nicolae_hepliaklqana_ecumenical_no_more,
          erik_lair_island, orc_0_dummy, enter_bailey_2, serial_shops,
          nicolae_shop_peninsula, monkooky_shop_alliterative, uniq_fannar
D:11:     layout_basic, biasface_ghost_orc_armoury, trog_three_pillars_becter
D:12:     bobbens_index_wilting_gardens, layout_cave_pools, uniq_jorgrun,
          uniq_gastronok
D:13:     layout_basic
D:14:     layout_irregular_city, hangedman_vaults_entry_quadrant_bands,
          serial_park_square3 [serial_park_minivault_5x5_8], minivault_13
D:15:     hangedman_crystal_crosses_colossus [crystal_crosses_arms_four,
          crystal_crosses_arms_four, crystal_crosses_arms_two], uniq_rupert
Temple:   minmay_temple_bridge_d
Lair:1:   layout_misc_corridors, uniq_grum, uniq_prince_ribbit2, uniq_sonja
Lair:2:   layout_cave_pods, hellmonk_spider_entry_not_the_bees
Lair:3:   layout_regular_city, mainiacjoe_swamp_entry_lozenge_pond,
          grunt_megastairs_1
Lair:4:   layout_cave_shapes, basic_altar, chequers_serial_rivers_micro_e,
          lemuel_fruit_fields
Lair:5:   wormcave, layout_layer_cave, guppyfry_lair_end_dragon, slime_entry_1,
          st_stairs_5, grunt_megastairs_3
Swamp:1:  layout_basic_swamp, hangedman_swamp_cone, hangedman_swamp_diagram,
          uniq_roxanne
Swamp:2:  gammafunk_sealed_arena, layout_basic_swamp,
          nicolae_swamp_stuck_in_the_mud
Swamp:3:  layout_falls_marsh, portal_ice_cave_entry_frozen_things,
          evilmike_swamp_ruin_house_1, swamp_pool_5
Swamp:4:  byrel_swamp_growth_death_and_undeath, layout_basic_swamp, uniq_aizul,
          uniq_bai_suzhen, uniq_nikola
Spider:1: layout_spider_delve, hellmonk_test_site, uniq_mlioglotl, uniq_donald
Spider:2: layout_chambers
Spider:3: layout_cave_pods, hangedman_spider_tarantella_strand
Spider:4: guppyfry_spider_rune, uniq_arachne
Orc:1:    layout_diamond_mine, basic_altar, minmay_orc_temple_a
Orc:2:    st_orc_rangers, layout_caves, uniq_snorg
Vaults:1: hangedman_vaults_trim, nicolae_vaults_house_2, v_misc_32,
          nicolae_vaults_tetromino_Z_1, nicolae_vaults_circle_grid_b,
          nicolae_vaults_doubleplus_tesselated, nicolae_vaults_tangram_1,
          nicolae_vaults_border_crossing, nicolae_vaults_mini_display_case,
          layout_vaults_big_room, serial_shops, nicolae_shop_stone, shop_statue,
          shop
Vaults:2: v_misc_11, nicolae_vaults_offset_grid_hallway_1,
          nicolae_vaults_little_squares_4, vaults_dpeg_encased_lava, v_misc_10,
          minmay_crypt_entry_simple_corners, nicolae_vaults_lightning_bolt,
          ontoclasm_vaults_ring_large, v_misc_29, layout_vaults_omnigrid
Vaults:3: nicolae_vaults_asterisk, nicolae_vaults_network_s,
          nicolae_vaults_taking_the_gang_shopping, v_rooms_1,
          nicolae_vaults_tetromino_L_1, vaults_dpeg_cross, serial_ice_g,
          v_misc_4, vaults_mumra_hexcomb, vaults_mumra_minichess,
          vaults_dpeg_emergency_exit, layout_vaults_ring
Vaults:4: gammafunk_ghost_necromancy, v_rooms_3,
          nicolae_vaults_disjoint_gnomons, nicolae_vaults_holding_cells,
          grunt_vaults_funnel, v_misc_31, nicolae_vaults_tetromino_T_1,
          ontoclasm_vaults_loading_screen, nicolae_vaults_octothorpe,
          hangedman_vaults_restitches, hangedman_vaults_stream,
          nicolae_vaults_double_plus_1, nicolae_vaults_specimen_jars,
          layout_vaults_omnicross, serial_shops, nicolae_shop_real_fake_doors
Vaults:5
Depths:1: layout_basic, pf_hell_entry_tar_spiral, evilmike_ruin_ashenzari,
          rand_demon_pan_entry_8, enter_trove_1, abyss_entry_crystal,
          nicolae_ru_great_annihilating_truth
Depths:2: hellmonk_ruined_rings, layout_basic, pan_entry, hell_entry,
          hangedman_decor_clover_reticule, uniq_asterion
Depths:3: minmay_broken_ring, layout_gridlike, minmay_room_of_horrors,
          basic_altar, hell_entry, serial_sigils_hangedman_confine, uniq_grunn
Depths:4: regret_index_infernal_bastille, layout_honeycomb, enter_ziggurat_d,
          serial_rivers, chequers_serial_rivers_micro_e,
          chequers_serial_rivers_small_b, chequers_serial_rivers_room_b,
          chequers_serial_rivers_micro_e, chequers_serial_rivers_room_a,
          chequers_serial_rivers_micro_a, pf_hell_entry_great_geh,
          minmay_misc_feat_pillars, serial_bayou_shore_b, uniq_mennas,
          uniq_josephina
Zot:1:    layout_concentric_octagons, grunt_ministairs_8
Zot:2:    layout_onion, regret_index_zotdec_split_disrupt, uniq_vv
Zot:3:    layout_gridlike, regret_index_zotdec_dark_gr
Zot:4:    layout_onion_interference,
          regret_index_zotdec_abyssal_contain_seething_sorcery
Zot:5:    layout_gridlike

Skill      XL: |  1  2  3  4  5  6  7  8  9 10 11 12 13 14 15 16 17 18 19 20 21 22 23 24 25 |
---------------+----------------------------------------------------------------------------+-----
Axes           | 3 4 5 6 10 11 14 16 17 18 22 24 | 24.0
Invocations    | 7 12 13 16 18 21 22 25 27 | 27.0
Fighting       | 7 14 19 20 22 26 27 | 27.0
Armour         | 5 9 10 12 16 17 20 22 23 | 23.2
Dodging        | 2 6 8 9 11 12 14 16 | 16.0
Evocations     | 3 |  3.0
Shields        | |  3.2

Action                     |  1- 3 |  4- 6 |  7- 9 | 10-12 | 13-15 | 16-18 | 19-21 | 22-24 | 25-27 || total
---------------------------+-------+-------+-------+-------+-------+-------+-------+-------+-------++-------
  Melee: War axe           |    80 |   134 |   295 |   433 |   315 |       |       |       |       ||  1257
         Broad axe         |       |       |       |       |   503 |     5 |       |       |       ||   508
         Battleaxe         |       |       |       |       |       |   422 |       |       |       ||   422
         Executioner's axe |       |       |       |       |       |   779 |  1323 |  1366 |   120 ||  3588
 Invoke: Convert to Beogh  |       |       |     1 |       |       |       |       |       |       ||     1
         Smiting           |       |       |       |     4 |     7 |    25 |     6 |    14 |    14 ||    70
         Recall Orcish Fol |       |       |       |     1 |    10 |    26 |    14 |    21 |    14 ||    86
         Give Item to Name |       |       |       |       |     3 |     6 |     2 |       |       ||    11
         Resurrection      |       |       |       |       |       |     1 |     3 |       |     1 ||     5
  Evoke: Wand              |       |       |     2 |    17 |     3 |       |       |     1 |     4 ||    27
    Use: Scroll            |     4 |     4 |     1 |     7 |     7 |    16 |    15 |    17 |       ||    71
         Potion            |       |       |     2 |     5 |     5 |     4 |     6 |    11 |     1 ||    34
   Stab: Distracted        |       |       |       |     5 |     9 |    13 |    12 |    16 |     2 ||    57
         Petrifying        |       |       |       |       |     2 |       |       |       |       ||     2
         Confused          |       |       |       |       |     1 |       |       |       |       ||     1
         Petrified         |       |       |       |       |     1 |       |       |       |       ||     1
         Paralysed         |       |       |       |       |       |       |     1 |       |       ||     1
 Armour: Plate armour      |    60 |   125 |     1 |       |       |  1139 |       |    91 |       ||  1416
         Ring mail         |       |       |   182 |    37 |       |       |       |       |       ||   219
         Chain mail        |       |       |       |   392 |   665 |   334 |    29 |       |       ||  1420
         Fire dragon scale |       |       |       |       |    10 |       |    26 |       |       ||    36
         Storm dragon scal |       |       |       |       |       |   172 |  1393 |   305 |       ||  1870
         Gold dragon scale |       |       |       |       |       |       |       |  1715 |   151 ||  1866
  Dodge: Dodged            |    14 |    23 |   125 |   199 |   379 |   954 |   902 |  1040 |    61 ||  3697
  Block: Buckler           |    27 |    24 |    34 |    94 |    47 |       |       |       |       ||   226
         Kite shield       |       |       |       |       |   283 |     3 |       |       |       ||   286

Table legend: (Time is in decaauts)
 A = Elapsed time spent in this place.
 B = Non-inter-level travel time spent in this place.
 C = Inter-level travel time spent in this place.
 D = Time resting spent in this place.
 E = Time spent auto-exploring this place.
 F = Levels seen in this place.
 G = Mean time per level.
                   A        B        C        D        E       F      G
               +--------+--------+--------+--------+--------+-----+--------+
         Total |  57551 |  54045 |   3506 |  13412 |  23818 |  48 | 1199.0 |
       Dungeon |  18497 |  17260 |   1237 |   4107 |   9544 |  15 | 1233.1 |
        Temple |      1 |      1 |      0 |      0 |      0 |   1 |    1.0 |
          Lair |   5408 |   4989 |    419 |    772 |   3165 |   5 | 1081.6 |
         Swamp |   3879 |   3610 |    269 |    877 |   1454 |   4 |  969.8 |
   Spider Nest |   4859 |   4729 |    130 |   1138 |   1868 |   4 | 1214.8 |
  Orcish Mines |   1015 |    875 |    140 |     44 |    550 |   2 |  507.5 |
        Vaults |   6799 |   6448 |    351 |   1275 |   2978 |   5 | 1359.8 |
        Depths |   7767 |   7147 |    620 |   2054 |   1956 |   4 | 1941.8 |
           Zot |   7145 |   6808 |    337 |   2296 |   2090 |   5 | 1429.0 |
         Abyss |    430 |    430 |      0 |    228 |      0 |   1 |  430.0 |
        Bailey |    612 |    612 |      0 |    138 |    129 |   1 |  612.0 |
      Ice Cave |   1134 |   1134 |      0 |    482 |     84 |   1 | 1134.0 |
               +--------+--------+--------+--------+--------+-----+--------+

Top non-repeatable levels by time:
Depths:4: 3167 daAuts
Vaults:4: 2496 daAuts
    D:14: 2489 daAuts
Depths:3: 2292 daAuts
    D:12: 2146 daAuts
   Zot:3: 1773 daAuts
   Zot:2: 1578 daAuts
    D:15: 1568 daAuts
     D:7: 1565 daAuts
   Zot:1: 1563 daAuts
   Zot:5: 1498 daAuts
Spider:2: 1488 daAuts
  Lair:5: 1389 daAuts
     D:4: 1335 daAuts
  Lair:2: 1319 daAuts
